 Dungeon Crawl Stone Soup version 0.22-a0-469-gf26638a71f (webtiles) character file.

46195 zeli25 the Severer (level 14, -4/127 HPs)
             Began as a Minotaur Berserker on June 13, 2018.
             Was a High Priest of Trog.
             Slain by a raiju (9 damage)
             ... on level 1 of the Abyss.
             The game lasted 02:11:37 (22709 turns).

zeli25 the Severer (Minotaur Berserker)            Turns: 22709, Time: 02:11:37

Health: -4/127     AC: 27    Str: 22    XL:     14   Next: 3%
Magic:  14/14      EV: 11    Int:  4    God:    Trog [*****.]
Gold:   1016       SH:  6    Dex: 15    Spells: 13/13 levels left

rFire    . . .     SeeInvis .   q - +4 hand axe (freeze)
rCold    + . .     Gourm    .   (no shield)
rNeg     . . .     Faith    .   I - +3 plate armour {rC+}
rPois    +         Spirit   .   (helmet restricted)
rElec    .         Reflect  +   (no cloak)
rCorr    .         Harm     .   H - +2 pair of gloves
MR       ++...                  R - +2 pair of boots
Stlth    ..........             n - +6 amulet of reflection
HPRegen  0.31/turn              d - ring of protection from magic
MPRegen  0.14/turn              P - ring of poison resistance

@: berserk cooldown, slowed, very slow
A: retaliatory headbutt, horns 2
a: Berserk, Trog's Hand, Brothers in Arms, Renounce Religion


You were on level 1 of the Abyss.
You worshipped Trog.
Trog was extremely pleased with you.
You were not hungry.

You visited 3 branches of the dungeon, and saw 17 of its levels.
You visited the Abyss 1 time.

You collected 1119 gold pieces.
You spent 103 gold pieces at shops.

Inventory:

Hand Weapons
 q - a +4 hand axe of freezing (weapon)
 F - a +4 battleaxe
 K - a +2 sacred scourge of holy wrath
 S - a +4 antimagic hand axe
 T - a cursed +3 hand axe
 U - a +3 morningstar
 V - a +5 morningstar
 W - a +4 arbalest of velocity
Missiles
 g - 386 stones
 w - 12 tomahawks
 D - 7 javelins (quivered)
Armour
 o - a +0 pair of boots
 H - a +2 pair of gloves (worn)
 I - a +3 plate armour of cold resistance (worn)
 R - a +2 pair of boots (worn)
Jewellery
 d - a ring of protection from magic (left hand)
 k - a +1 ring of evasion {unknown}
 n - a +6 amulet of reflection (around neck)
 p - an uncursed ring of magical power
 y - an uncursed ring of ice
 C - an uncursed ring of flight
 O - an uncursed ring of protection from cold {unknown}
 P - a ring of poison resistance (right hand)
 Q - an uncursed ring of flight
Wands
 b - a wand of random effects (7)
 h - a wand of polymorph (17)
 r - a wand of flame (27)
 E - a wand of acid (7)
 G - a wand of paralysis (40)
 J - a wand of disintegration (11)
 X - a wand of iceblast (9)
Scrolls
 j - 2 scrolls of identify
 t - a scroll of magic mapping
 A - 2 scrolls of teleportation
 N - 3 scrolls of blinking
Potions
 e - 2 potions of ambrosia
 f - 8 potions of curing
 i - a potion of invisibility
 l - a potion of agility
 m - 2 potions of lignification
 s - 3 potions of flight
 u - 4 potions of might
 v - 2 potions of brilliance
 x - 2 potions of haste
 z - a potion of cancellation {unknown}
 B - a potion of mutation {unknown}
 L - 2 potions of berserk rage
 M - a potion of magic
Comestibles
 a - 3 chunks of flesh
 c - 11 rations


   Skills:
 + Level 12.6 Fighting
 * Level 16.2(16.8) Axes
 + Level 8.8(13.5) Maces & Flails
 + Level 15.5 Armour
 * Level 7.1 Dodging
 - Level 5.0 Stealth
 + Level 2.0 Evocations


You had 13 spell levels left.
You didn't know any spells.
Your spell library was empty.

Dungeon Overview and Level Annotations

Branches:
Dungeon (14/15)            Temple (1/1) D:4            Lair (2/6) D:9
    Orc (0/2) D:12         Vaults (0/5) D:14
  Swamp: Lair:2-4    Shoals: Lair:2-4     Snake: Lair:2-4    Spider: Lair:2-4

Altars:
Ashenzari
Cheibriados
Dithmenos
Elyvilon
Fedhas
Gozag
Hepliaklqana
Kikubaaqudgha
Makhleb
Nemelex Xobeh
Okawaru
Qazlal
Ru
Sif Muna
Trog
Uskayaw
Vehumet
Wu Jian
Xom
Yredelemnul
Zin
The Shining One

Shops:
D:9 *   D:14 *

Annotations:
D:4 exclusion: statue
Lair:2 Sonja


Innate Abilities, Weirdness & Mutations

You reflexively headbutt those who attack you in melee.
You have a pair of horns on your head.


Message History

The raiju bursts into living lightning!
The living lightning misses you. The living lightning hits you!
* * * LOW HITPOINT WARNING * * *
The raiju blinks! x2
You hear a bark!
You slash the raiju! You freeze the raiju.
The raiju is moderately wounded.
The raiju bites you.
* * * LOW HITPOINT WARNING * * *
The raiju shocks you!
* * * LOW HITPOINT WARNING * * *
You closely miss the raiju.
The raiju is moderately wounded.
The raiju closely misses you.
You closely miss the raiju. Your headbutt misses the raiju.
The raiju is moderately wounded.
The raiju bites you.
* * * LOW HITPOINT WARNING * * *
The raiju shocks you!
You die...

##.§# #
...#..
....#.#.
#..#.§#.
#.#..#.# .
......###
##.##
#....#...#
#.h@...#
###..#..# .
#..#.##
#....#.#.. .#
#.##..####...
#.# . .. ## #
. . ### #


You could see a raiju.

Vanquished Creatures
  An angel (Abyss:1)
  Nessos (D:14)
  A slime creature (D:13)
  2 fire dragons (D:13)
  Fannar (D:10)
  3 centaur warriors
  4 hydras
  7 two-headed ogres
  A tengu warrior (D:14)
  A thrashing horror (Abyss:1)
  A deep elf knight (D:14)
  3 unseen horrors
  An orc knight (D:14)
  An ugly thing (D:10)
  4 cyclopes
  4 deep elf magi (D:14)
  2 manticores
  A black mamba (Lair:1)
  An orange demon (Abyss:1)
  5 spiny frogs (Lair:1)
  A gargoyle (D:10)
  4 yaktaurs (D:14)
  A yaktaur (shapeshifter) (D:14)
  3 komodo dragons (Lair:1)
  2 ancient zymes (Abyss:1)
  A tormentor (Abyss:1)
  4 trolls
  6 meliai
  Prince Ribbit (D:6)
  A hornet (D:13)
  2 raiju (Abyss:1)
  Grinder (D:6)
  2 dream sheep (D:11)
  A meliai zombie (D:12)
  4 hippogriffs
  2 vampires (D:14)
  A shadow (D:14)
  2 wraiths (D:13)
  A ynoxinul (Abyss:1)
  Sigmund (D:6)
  16 yaks
  Eustachio (D:5)
  3 wyverns
  2 basilisks (Lair:1)
  A steam dragon (D:12)
  A hungry ghost (D:13)
  4 wargs
  An acid dragon (D:12)
  9 water moccasins
  2 porcupines (Lair:1)
  10 orc warriors
  3 sky beasts
  2 ice beasts
  3 black bears
  A necrophage (D:11)
  3 ogres
  A phantom (D:13)
  An eye of draining (D:10)
  4 boggarts (D:14)
  14 centaurs
  4 crocodiles
  5 small abominations (Abyss:1)
  6 big kobolds
  A wyvern zombie (D:12)
  10 bullfrogs
  A wyvern skeleton (D:9)
  4 scorpions
  22 wights
  5 centaur zombies
  5 crimson imps
  3 jellies
  5 hounds
  9 orc priests
  2 bullfrog skeletons
  2 centaur skeletons
  4 iguanas
  8 orc wizards
  11 worker ants
  A killer bee zombie (D:7)
  A hound skeleton (D:8)
  A howler monkey zombie (D:11)
  A worker ant zombie (D:5)
  A howler monkey skeleton (D:8)
  13 adders
  3 shadow imps
  A white imp (Abyss:1)
  An ufetubus (Abyss:1)
  An ooze (D:1)
  An adder skeleton (D:4)
  2 worms
  3 dart slugs
  3 leopard geckos
  41 orcs
  8 bats
  10 giant cockroaches
  12 goblins
  7 hobgoblins
  6 jackals
  17 kobolds
  2 quokkas
  5 frilled lizards
  A giant cockroach zombie (D:5)
  A jackal skeleton (D:4)
  A leopard gecko skeleton (D:8)
  A quokka zombie (D:8)
  9 rats
429 creatures vanquished.

Vanquished Creatures (others)
  An orc wizard (D:13)
  2 plants (D:11)
3 creatures vanquished.

Grand Total: 432 creatures vanquished

Notes
Turn   | Place    | Note
-------+----------+-------------------------------------------
     0 | D:1      | zeli25 the Minotaur Berserker began the quest for the Orb.
     0 | D:1      | Reached XP level 1. HP: 19/19 MP: 0/0
   200 | D:1      | Reached skill level 4 in Axes
   200 | D:1      | Reached XP level 2. HP: 21/27 MP: 1/1
   575 | D:1      | Reached ** piety under Trog
   575 | D:1      | Reached XP level 3. HP: 33/33 MP: 2/2
   766 | D:2      | Found a faded altar of an unknown god.
   827 | D:2      | Reached skill level 5 in Axes
  1111 | D:2      | Reached XP level 4. HP: 38/41 MP: 3/3
  1338 | D:2      | Found an iron altar of Okawaru.
  1787 | D:2      | Found a deep blue altar of Sif Muna.
  2005 | D:3      | You fall through a shaft for 2 floors!
  2005 | D:5      | Entered Level 5 of the Dungeon
  2040 | D:5      | Found a shadowy altar of Dithmenos.
  2042 | D:5      | Noticed a bullfrog
  2052 | D:4      | Killed a bullfrog
  2052 | D:4      | Reached skill level 6 in Axes
  2052 | D:4      | Reached XP level 5. HP: 38/47 MP: 4/4
  2174 | D:4      | Found a radiant altar of Vehumet.
  2763 | D:4      | Reached XP level 6. HP: 43/55 MP: 5/5
  2937 | D:3      | Reached *** piety under Trog
  3467 | D:4      | Reached skill level 5 in Fighting
  3467 | D:4      | Reached skill level 1 in Stealth
  3818 | D:4      | Found a staircase to the Ecumenical Temple.
  3825 | D:4      | Reached skill level 7 in Axes
  4032 | Temple   | Entered the Ecumenical Temple
  4490 | D:4      | Found a glowing silver altar of Zin.
  4491 | D:4      | Noticed an angel
  4577 | D:5      | Found a glowing golden altar of the Shining One.
  4896 | D:5      | Found a sparkling altar of Nemelex Xobeh.
  5083 | D:5      | Reached XP level 7. HP: 61/61 MP: 6/6
  5224 | D:5      | Found an ancient bone altar of Kikubaaqudgha.
  5267 | D:5      | Reached skill level 8 in Axes
  5925 | D:5      | Noticed a two-headed ogre
  5934 | D:5      | Killed a two-headed ogre
  5934 | D:5      | Reached skill level 9 in Axes
  5934 | D:5      | Reached XP level 8. HP: 70/70 MP: 7/7
  6040 | D:5      | Noticed Eustachio
  6072 | D:5      | Reached skill level 10 in Axes
  6080 | D:5      | Killed Eustachio
  6663 | D:6      | Noticed Grinder
  7149 | D:6      | Noticed Prince Ribbit
  7162 | D:6      | Killed Prince Ribbit
  7350 | D:6      | Noticed Sigmund
  7388 | D:6      | Killed Sigmund
  7388 | D:6      | Reached skill level 11 in Axes
  7694 | D:6      | Killed Grinder
  7694 | D:6      | Reached XP level 9. HP: 78/78 MP: 8/8
  8642 | D:7      | Found a sparkling altar of Nemelex Xobeh.
  8828 | D:7      | Reached skill level 12 in Axes
  8910 | D:7      | Reached skill level 5 in Dodging
  9598 | D:8      | Reached **** piety under Trog
  9890 | D:9      | Found Juolulun's Assorted Antiques.
  9916 | D:9      | Bought a helmet for 103 gold pieces
  9994 | D:9      | Reached skill level 13 in Axes
 10011 | D:9      | Found a staircase to the Lair.
 10013 | D:9      | Reached XP level 10. HP: 42/86 MP: 9/9
 10332 | D:9      | Found a blossoming altar of Fedhas.
 10667 | D:10     | Entered Level 10 of the Dungeon
 10900 | D:10     | Noticed Fannar
 10923 | D:10     | Killed Fannar
 10923 | D:10     | Reached skill level 14 in Axes
 11338 | D:10     | Noticed a gargoyle
 11346 | D:10     | Killed a gargoyle
 11346 | D:10     | Reached skill level 5 in Armour
 11385 | D:10     | Killed an unseen horror
 12011 | D:11     | Noticed a cyan ugly thing
 12022 | D:10     | Killed a cyan ugly thing
 12194 | D:10     | Reached skill level 15 in Axes
 12467 | D:11     | Reached XP level 11. HP: 82/95 MP: 10/10
 12708 | D:11     | Reached ***** piety under Trog
 13224 | D:11     | Noticed a two-headed ogre
 13236 | D:11     | Killed a two-headed ogre
 13392 | D:11     | Reached skill level 16 in Axes
 13785 | D:11     | Reached skill level 10 in Fighting
 13816 | D:11     | Noticed a three-headed hydra
 13827 | D:11     | Killed a three-headed hydra
 13827 | D:11     | Received a gift from Trog
 13827 | D:11     | Reached skill level 10 in Armour
 13924 | D:11     | Reached skill level 1 in Maces & Flails
 14422 | D:11     | Killed an unseen horror
 14782 | D:12     | Reached XP level 12. HP: 99/106 MP: 3/11
 14808 | D:12     | Identified a scroll of acquirement
 14809 | D:12     | Got a pitted scale mail
 14870 | D:12     | Noticed a two-headed ogre
 14880 | D:12     | Killed a two-headed ogre
 15192 | D:12     | Noticed a two-headed ogre
 15203 | D:12     | Killed a two-headed ogre
 15203 | D:12     | Reached skill level 1 in Evocations
 15362 | D:12     | Found a staircase to the Orcish Mines.
 15850 | D:13     | Noticed a centaur warrior
 15863 | D:13     | Killed a centaur warrior
 16090 | D:13     | Noticed a centaur warrior
 16097 | D:13     | Noticed a fire dragon
 16098 | D:13     | Killed a centaur warrior
 16111 | D:13     | Killed a fire dragon
 16443 | D:13     | Noticed a fire dragon
 16460 | D:13     | Killed a fire dragon
 16460 | D:13     | Reached skill level 5 in Maces & Flails
 17149 | D:13     | Noticed a two-headed ogre
 17157 | D:13     | Killed a two-headed ogre
 17777 | D:14     | Noticed a two-headed ogre
 17786 | D:14     | Killed a two-headed ogre
 18065 | D:14     | Reached XP level 13. HP: 116/116 MP: 4/12
 18380 | D:14     | Found a sacrificial altar of Ru.
 18728 | D:14     | Found Zeib's Assorted Antiques.
 18747 | D:14     | Received a gift from Trog
 19056 | D:14     | Found a gate to the Vaults.
 19161 | D:14     | Reached skill level 15 in Armour
 19167 | D:14     | HP: 1/177 [cyclops (19)]
 19759 | D:14     | Noticed Nessos
 19780 | D:14     | Killed Nessos
 20209 | Lair:1   | Entered Level 1 of the Lair of Beasts
 20209 | Lair:1   | Found a stormy altar of Qazlal.
 21928 | Lair:2   | Noticed Sonja
 22281 | Lair:2   | Cast into level 1 of the Abyss (Sonja)
 22357 | Abyss:1  | Found a corrupted altar of Lugonu.
 22434 | Abyss:1  | Reached skill level 5 in Stealth
 22666 | Abyss:1  | Noticed an angel
 22686 | Abyss:1  | Killed an angel
 22687 | Abyss:1  | Reached XP level 14. HP: 55/127 MP: 14/14
 22709 | Abyss:1  | HP: 5/127 [raiju (3)]
 22709 | Abyss:1  | Slain by a raiju

Vault maps used:
D:1:      dpeg_arrival_lava_temple_mockup, serial_bayou, serial_bayou_pond_d,
          serial_bayou_pond_d, serial_bayou_shore_b, serial_bayou_pond_b,
          minmay_hexomino_f4
D:2:      marbit_many_paths, lemuel_crystal_altar, first_ration,
          chequers_ecumenical_altar_grove
D:3:      kennysheep_big_flooded_room
D:4:      vehumet_statue, zin_angel, minmay_temple_entry_statues_pillars
D:5:      kennysheep_little_box, grunt_temple_overflow_open, uniq_eustachio
D:6:      uniq_grinder, uniq_sigmund, uniq_prince_ribbit1
D:7:      nemelex_xobeh_ov_fountains_minmay
D:9:      nicolae_overflow_hidden_temple, erik_lair_orcish_takeover,
          serial_shops, shop
D:10:     uniq_fannar
D:11:     hangedman_ranch
D:12:     erik_orc_3
D:13:     kennysheep_room_grid
D:14:     hangedman_vaults_entry_quadrant_bands,
          nicolae_ru_the_path_less_chosen, serial_shops, shop,
          minmay_misc_feat_more_columns, uniq_nessos
Temple:   oiseaux_autumnal_temple
Lair:1:   basic_altar, grunt_megastairs_3
Lair:2:   uniq_sonja

Skill      XL: |  1  2  3  4  5  6  7  8  9 10 11 12 13 14 |
---------------+-------------------------------------------+-----
Axes           | 4 5 6 7 9 11 13 15 16 | 16.2
Fighting       | 4 5 6 7 8 10 11 12 | 12.6
Dodging        | 3 4 5 6 7 |  7.1
Stealth        | 1 2 3 4 5 |  5.0
Armour         | 3 4 6 10 14 15 | 15.5
Maces & Flails | 3 5 8 |  8.8
Evocations     | 1 2 |  2.0

Action                   |  1- 3 |  4- 6 |  7- 9 | 10-12 | 13-15 || total
-------------------------+-------+-------+-------+-------+-------++-------
Melee: Hand axe          |    60 |   181 |   215 |   425 |   210 ||  1091
       Headbutt          |     6 |    34 |    55 |   200 |    99 ||   394
       War axe           |       |       |    48 |   265 |       ||   313
       Morningstar       |       |       |       |    11 |   182 ||   193
Invok: Berserk           |     1 |     3 |     7 |     8 |     6 ||    25
       Trog's Hand       |       |     1 |       |       |       ||     1
Evoke: Wand              |       |       |       |     3 |     3 ||     6
  Use: Potion            |       |     2 |     2 |     2 |     2 ||     8
       Scroll            |       |       |     5 |    16 |     7 ||    28
 Stab: Sleeping          |       |     4 |     8 |       |       ||    12
       Paralysed         |       |       |       |       |     4 ||     4
  Eat: Chunk             |     1 |     7 |     4 |    13 |     7 ||    32
       Ration            |     1 |     2 |     5 |     6 |     4 ||    18
Armor: Animal skin       |    12 |    19 |       |       |       ||    31
       Troll leather arm |       |       |    38 |       |       ||    38
       Plate armour      |       |       |    16 |   339 |   264 ||   619
Dodge: Dodged            |    49 |    81 |    80 |   218 |   171 ||   599
Block: Other             |       |       |    47 |   156 |   124 ||   327
       Reflection        |       |       |       |    17 |    16 ||    33

Table legend:
 A = Spawn XP
 B = Non-spawn XP
 C = Spawn XP percentage of total XP
 D = Spawn monster count
 E = Non-spawn monster count
 F = Spawn count percentage of total count
 G = Total turns spent on level
                    A         B        C        D         E        F      G
               +---------+---------+-------+---------+---------+-------+---------
         Total |    5030 |   60963 |   7.6 |      16 |     413 |   3.7 | 22709
               +---------+---------+-------+---------+---------+-------+---------
           D:1 |       0 |      56 |   0.0 |       0 |      30 |   0.0 |   731
           D:2 |       0 |      97 |   0.0 |       0 |      19 |   0.0 |  1106
           D:3 |       0 |      26 |   0.0 |       0 |      14 |   0.0 |   714
           D:4 |       0 |     413 |   0.0 |       0 |      25 |   0.0 |  1707
           D:5 |       0 |    1530 |   0.0 |       0 |      13 |   0.0 |  2277
           D:6 |       0 |     880 |   0.0 |       0 |      10 |   0.0 |  1582
           D:7 |       0 |     878 |   0.0 |       0 |      15 |   0.0 |   663
           D:8 |       0 |    1002 |   0.0 |       0 |      20 |   0.0 |   849
           D:9 |       0 |    1477 |   0.0 |       0 |      21 |   0.0 |   834
          D:10 |       0 |    4332 |   0.0 |       0 |      32 |   0.0 |  2080
          D:11 |       0 |   10854 |   0.0 |       0 |      53 |   0.0 |  2054
          D:12 |       0 |    4015 |   0.0 |       0 |      39 |   0.0 |   962
          D:13 |       0 |   10780 |   0.0 |       0 |      33 |   0.0 |  2066
          D:14 |       0 |   16039 |   0.0 |       0 |      58 |   0.0 |  2358
        Lair:1 |       0 |    8584 |   0.0 |       0 |      31 |   0.0 |  2059
       Abyss:1 |    5030 |       0 | 100.0 |      16 |       0 | 100.0 |   428
               +---------+---------+-------+---------+---------+-------+---------
